 Dungeon Crawl Stone Soup version 0.26-a0-34-g9e0bf03589 (webtiles) character file.

Game seed: 1127487530165521315, levelgen mode: deterministic

23630 Glundar the Cleaver (level 13, -3/116 HPs)
             Began as a Hill Orc Fighter on May 29, 2020.
             Was a High Priest of Beogh.
             Killed by divine providence
             ... invoked by an orc high priest
              (14 damage)
             ... on level 2 of the Orcish Mines.
             The game lasted 01:20:23 (20334 turns).

Glundar the Cleaver (Hill Orc Fighter)             Turns: 20334, Time: 01:20:23

Health: -3/116     AC: 23    Str: 34    XL:     13   Next: 7%
Magic:  13/13      EV:  9    Int:  8    God:    Beogh [*****.]
Gold:   1007       SH: 12    Dex:  6    Spells: 12/12 levels left

rFire    + . .     SeeInvis +   a - +2 broad axe (freeze)
rCold    + . .     Gourm    .   y - +2 buckler {rC+}
rNeg     + . .     Faith    .   W - +3 chain mail {rN+}
rPois    +         Spirit   .   V - +0 hat of the Elephant {*Corrode rPois Str+7}
rElec    +         Reflect  +   k - +2 cloak
rCorr    .         Harm     .   (no gloves)
MR       .....                  v - +0 pair of boots
Stlth    ..........             p - amulet of reflection
HPRegen  0.29/turn              L - ring "Ilepsuim" {rElec rF+ Str+3 Dex-4 SInv}
MPRegen  0.13/turn              G - +4 ring of protection

@: very slightly contaminated, invisible (expiring)
A: walk on water
a: Smiting, Recall Orcish Followers, Give Item to Named Follower, Renounce
Religion


You were on level 2 of the Orcish Mines.
You worshipped Beogh.
Beogh was extremely pleased with you.
You were not hungry.

You visited 3 branches of the dungeon, and saw 15 of its levels.

You collected 1757 gold pieces.
You spent 750 gold pieces at shops.

Inventory:

Hand Weapons
 a - a +2 broad axe of freezing (weapon)
 b - a +0 hunting sling
 R - a +0 hand axe of flaming
Missiles
 t - 16 poisoned darts (quivered)
 u - 125 sling bullets
Armour
 g - the +1 ring mail of Tartarus {rN+}
   (You found it on level 9 of the Dungeon)

   It protects you from negative energy.
 k - a +2 cloak (worn)
 v - a +0 pair of boots (worn)
 y - a +2 buckler of cold resistance (worn)
 U - a +2 hat
 V - the +0 hat of the Elephant (worn) {*Corrode rPois Str+7}
   (You found it on level 10 of the Dungeon)

   It affects your strength (+7).
   It protects you from poison.
   It may corrode you when you take damage.
 W - a +3 chain mail of positive energy (worn)
Jewellery
 p - an amulet of reflection (around neck)
 F - the ring "Bomuha" {rN+ MR+}
   (You found it on level 6 of the Dungeon)

   [ring of protection from magic]

   It protects you from negative energy.
   It affects your resistance to hostile enchantments.
 G - a +4 ring of protection (right hand)
 H - an uncursed amulet of guardian spirit
 L - the ring "Ilepsuim" (left hand) {rElec rF+ Str+3 Dex-4 SInv}
   (You found it on level 9 of the Dungeon)

   [ring of protection from fire]

   It affects your strength (+3).
   It affects your dexterity (-4).
   It protects you from fire.
   It insulates you from electricity.
   It lets you see invisible.
 M - a +4 ring of evasion
Wands
 m - a wand of disintegration (9)
 s - a wand of iceblast (8)
 B - a wand of acid (17)
 D - a wand of paralysis (35)
 I - a wand of enslavement (10)
 N - a wand of random effects (25)
 Q - a wand of digging (9)
Scrolls
 e - a scroll of blinking {unknown}
 h - 2 scrolls of magic mapping
 j - 2 scrolls of fog
 l - 2 scrolls of noise {unknown}
 w - 4 scrolls of enchant weapon
 x - 7 scrolls of remove curse
 E - a scroll of immolation {unknown}
 O - a scroll of acquirement {unknown}
Potions
 c - 2 potions of ambrosia
 d - 2 potions of resistance
 o - 2 potions of lignification
 q - 5 potions of brilliance
 r - a potion of magic
 C - a potion of flight
 J - 4 potions of curing
 K - 2 potions of stabbing
 S - a potion of mutation
 T - a potion of might
 Y - a potion of berserk rage
 Z - a potion of cancellation
Comestibles
 f - 12 rations


   Skills:
 + Level 11.3 Fighting
 + Level 11.9(13.3) Axes
   Level 8.6(10.7) Polearms
 + Level 8.3 Slings
 + Level 10.5 Armour
 + Level 10.4 Shields


You had 12 spell levels left.
You didn't know any spells.
Your spell library contained the following spells:

 Spells                   Type           Power        Failure   Level  Hunger
 Beastly Appendage        Tmut           #.....       82%         1    ##.....
 Magic Dart               Conj           #...         82%         1    ##.....
 Blink                    Tloc           N/A          91%         2    ###....
 Call Imp                 Summ           #.......     91%         2    ###....
 Slow                     Hex            #.......     91%         2    ###....
 Sticks to Snakes         Tmut           #.......     91%         2    ###....
 Confusing Touch          Hex            #.......     99%         3    ####...
 Conjure Flame            Conj/Fire      #.......     99%         3    ####...
 Gell's Gravitas          Tloc           #.........   99%         3    ####...
 Mephitic Cloud           Conj/Pois/Air  #.......     99%         3    ####...
 Spider Form              Tmut/Pois      #.........   99%         3    ####...
 Stone Arrow              Conj/Erth      #.....       99%         3    ####...
 Ice Form                 Ice/Tmut       #.......     100%        4    #####..
 Leda's Liquefaction      Hex/Erth       #.........   100%        4    #####..
 Petrify                  Tmut/Erth      #.......     100%        4    #####..
 Blade Hands              Tmut           #.........   100%        5    ######.
 Metabolic Englaciation   Hex/Ice        #.........   100%        5    ######.
 Yara's Violent Unravell  Hex/Tmut       #.........   100%        5    ######.
 Statue Form              Tmut/Erth      #........    100%        6    #######


Dungeon Overview and Level Annotations

Branches:
Dungeon (12/15)            Temple (1/1) D:4            Lair (0/6) D:9
    Orc (2/2) D:9             Elf (0/3) Orc:2

Altars:
Ashenzari
Cheibriados
Dithmenos
Elyvilon
Fedhas
Gozag
Hepliaklqana
Kikubaaqudgha
Makhleb
Nemelex Xobeh
Okawaru
Qazlal
Ru
Sif Muna
Trog
Uskayaw
Vehumet
Wu Jian
Xom
Yredelemnul
Zin
The Shining One
Beogh

Shops:
D:10 :   D:11 !

Annotations:
D:11 2 runed translucent doors, exclusion: orange crystal statue


Message History

The orc high priest prays to Beogh.
Beogh accepts your kill.
You feel a bit more experienced.
The orange demon screeches!
The orc priest shouts!
You flicker for a moment.
The orc priest shouts!
Your orc warrior hits the sun demon with a +0 long sword!
The sun demon hits your orc warrior!!
Your orc warrior dies!
The orc priest shouts!
The orc knight shouts! x2; The orc warrior shouts!
You slice the orc priest!! You freeze the orc priest.
You kill the orc priest!
Beogh accepts your kill.
Beogh appreciates your killing of a heretic priest.
Your orc looks more experienced.
The orc knight shouts!
The orc high priest mumbles some strange prayers to Beogh against you.
Beogh smites you!
You die...
Beogh appreciates the orc high priest's killing of a heretic priest.

#. .## ## ## ###. #...
#### ##.. #...## # ###
#....## ..# ##
#.....#########....# #.
#.......)3.o@).....# ##
#....).)...........# #
##...)o#######o).###
##....# #...# #
##..)#######..o########
## ##.))...o...o......#.#
##o
#§oo..........[)5.#.###.#
#.§....4.).o...)o....#...
.....o.oo)o.oo)oo).......


You could see an orc knight (wandering), an orc high priest, a sun demon
(summoned), an orc sorcerer, an orc warrior and a friendly orc.

Vanquished Creatures
  Donald (Orc:2)
  Erolcha (D:11)
  Harold (D:11)
  A hydra (D:9)
  Erica (D:10)
  2 two-headed ogres
  An ogre mage (D:9)
  A tengu warrior (D:9)
  An orc high priest (Orc:2)
  An unseen horror (D:9)
  Pikel (D:8)
  An ugly thing (D:11)
  2 deep elf magi (D:10)
  Maggie (D:8)
  A meliai (D:8)
  A troll (D:8)
  3 hippogriffs
  2 dream sheep (D:9)
  A wraith (Orc:2)
  Sigmund (D:3)
  A wyvern (D:9)
  12 yaks
  A basilisk (D:9)
  3 hungry ghosts
  A warg (Orc:1)
  A water moccasin (D:9)
  6 ice beasts
  A swamp drake (D:10)
  8 orc warriors
  A black bear (D:7)
  3 sky beasts
  A slave (D:8)
  7 ogres
  A necrophage (D:6)
  3 centaurs
  A crocodile (D:9)
  2 phantoms
  5 big kobolds
  9 bullfrogs
  A gnoll sergeant (D:8)
  6 jellies
  A wyvern zombie (D:9)
  2 scorpions
  15 killer bees (D:10)
  8 wights
  2 howler monkeys
  3 quasits
  5 crimson imps
  2 bullfrog zombies (D:5)
  8 orc wizards
  3 centaur skeletons
  4 orc priests
  9 hounds
  2 bullfrog skeletons (D:9)
  A gnoll shaman (D:3)
  An iron imp (D:10)
  2 iguanas
  6 worker ants
  A hound zombie (D:10)
  A hound skeleton (D:9)
  Robin (D:2)
  10 gnolls
  A howler monkey zombie (D:5)
  A howler monkey skeleton (D:6)
  8 adders
  3 shadow imps
  A white imp (D:10)
  2 adder skeletons
  5 worms
  5 dart slugs
  7 leopard geckos
  19 orcs
  4 bats
  4 giant cockroaches
  13 hobgoblins
  16 jackals
  5 quokkas
  2 ball pythons
  6 frilled lizards
  2 gnoll zombies (D:8)
  15 goblins
  A goblin skeleton (D:7)
  3 hobgoblin zombies (D:7)
  11 kobolds
  A kobold skeleton (D:7)
  2 kobold zombies (D:7)
  A leopard gecko skeleton (D:9)
  2 orc skeletons (D:7)
  An orc zombie (D:7)
  2 quokka zombies
  3 rats
332 creatures vanquished.

Vanquished Creatures (collateral kills)
  Josephine (Orc:2)
  Nergalle (D:10)
  An orc sorcerer (Orc:2)
  An orc knight (Orc:2)
  A cyclops (Orc:1)
  Maurice (Orc:2)
  A troll (Orc:2)
  A hornet (D:12)
  2 wraiths (Orc:2)
  2 yaks (D:10)
  5 orc warriors
  An ogre (Orc:1)
  A killer bee (D:10)
  2 wights (D:11)
  3 orc priests
  11 orc wizards
  7 orcs
42 creatures vanquished.

Vanquished Creatures (others)
  An orc knight (Orc:2)
  An orc sorcerer (Orc:2)
  10 orc warriors
  A slave (D:8)
  9 orc priests
  7 orc wizards
  An adder (D:8)
  26 orcs
  A plant (D:9)
57 creatures vanquished.

Grand Total: 431 creatures vanquished

Notes
Turn   | Place    | Note
-------+----------+-------------------------------------------
     0 | D:1      | Glundar the Hill Orc Fighter began the quest for the Orb.
     0 | D:1      | Reached XP level 1. HP: 19/19 MP: 1/1
   253 | D:1      | Reached XP level 2. HP: 27/27 MP: 2/2
   848 | D:2      | Noticed Robin
   911 | D:1      | Reached XP level 3. HP: 26/33 MP: 3/3
  1164 | D:2      | Killed Robin
  1192 | D:2      | Found a sparkling altar of Nemelex Xobeh.
  1200 | D:2      | Reached XP level 4. HP: 40/40 MP: 4/4
  1384 | D:2      | Found a sacrificial altar of Ru.
  2092 | D:3      | Reached skill level 1 in Slings
  2603 | D:3      | Noticed Sigmund
  3046 | D:3      | Found a faded altar of an unknown god.
  3073 | D:3      | Killed Sigmund
  3073 | D:3      | Reached skill level 5 in Fighting
  3073 | D:3      | Reached XP level 5. HP: 33/48 MP: 5/5
  3073 | D:3      | Reached XP level 6. HP: 38/56 MP: 6/6
  3189 | D:3      | Found a shimmering altar of Xom.
  4142 | D:4      | Found a staircase to the Ecumenical Temple.
  4153 | Temple   | Entered the Ecumenical Temple
  4598 | D:4      | Reached skill level 1 in Polearms
  4598 | D:4      | Reached XP level 7. HP: 45/61 MP: 7/7
  4684 | D:4      | Found an opulent altar of Gozag.
  4914 | D:5      | Entered Level 5 of the Dungeon
  5011 | D:5      | Reached skill level 5 in Axes
  5063 | D:5      | Reached skill level 5 in Armour
  5313 | D:5      | Reached skill level 5 in Shields
  5495 | D:5      | Reached XP level 8. HP: 69/70 MP: 8/8
  6352 | D:6      | Found an iron altar of Okawaru.
  6474 | D:6      | Got a scintillating ivory ring
  6674 | D:6      | Identified the ring "Bomuha" {rN+ MR+} (You found it on
                  | level 6 of the Dungeon)
  6967 | D:6      | Found a burning altar of Makhleb.
  7186 | D:6      | Found a sacrificial altar of Ru.
  7244 | D:6      | HP: 3/71 [orc warrior/+0 mace (3)]
  7249 | D:6      | HP: 1/106 [orc warrior/+0 mace (2)]
  7739 | D:6      | Reached XP level 9. HP: 42/78 MP: 9/9
  8031 | D:7      | Identified the Compendium of Stones
  8267 | D:7      | Found an ornate altar of the Wu Jian Council.
  8679 | D:7      | Found a glowing golden altar of the Shining One.
  8815 | D:7      | Became a worshipper of Beogh the Brigand
  9310 | D:8      | Noticed Maggie
  9505 | D:8      | Found a shattered altar of Ashenzari.
  9527 | D:8      | Reached skill level 5 in Polearms
  9535 | D:8      | Noticed Pikel
  9550 | D:8      | Killed Pikel
  9550 | D:8      | Reached skill level 5 in Slings
  9550 | D:8      | Reached XP level 10. HP: 51/88 MP: 10/10
  9800 | D:8      | Reached * piety under Beogh
 10393 | D:8      | Found a basalt altar of Yredelemnul.
 10468 | D:8      | Killed Maggie
 11666 | D:9      | Noticed a two-headed ogre
 11721 | D:9      | Reached ** piety under Beogh
 11818 | D:9      | Reached XP level 11. HP: 76/97 MP: 11/11
 11822 | D:9      | Noticed a two-headed ogre
 11905 | D:9      | Noticed an ogre mage
 11921 | D:8      | Killed a two-headed ogre
 12231 | D:9      | Found a shadowy altar of Dithmenos.
 12541 | D:9      | Killed an ogre mage
 12919 | D:9      | Noticed a tengu warrior
 13326 | D:9      | Killed a two-headed ogre
 13455 | D:9      | Got a wavering wooden ring
 13529 | D:8      | Reached skill level 10 in Axes
 13881 | D:9      | Identified the ring "Ilepsuim" {rElec rF+ Str+3 Dex-4 SInv}
                  | (You found it on level 9 of the Dungeon)
 13891 | D:9      | Noticed an unseen horror
 13953 | D:9      | Found a staircase to the Lair.
 14282 | D:9      | Found a staircase to the Orcish Mines.
 14352 | D:9      | Got a spiked ring mail
 14421 | D:9      | Killed a tengu warrior
 14621 | D:9      | Identified the +1 ring mail of Tartarus {rN+} (You found it
                  | on level 9 of the Dungeon)
 14804 | D:9      | Killed an unseen horror
 14849 | D:9      | Reached skill level 10 in Fighting
 15148 | D:9      | Reached *** piety under Beogh
 15182 | D:9      | Noticed a three-headed hydra
 15198 | D:9      | Killed a one-headed hydra
 15198 | D:9      | Reached XP level 12. HP: 94/106 MP: 12/12
 15338 | D:10     | Entered Level 10 of the Dungeon
 15545 | D:10     | Noticed Erica
 15567 | D:10     | Killed Erica
 15832 | D:10     | Found Fompos's Book Boutique.
 16174 | D:10     | Got a pitted hat
 16208 | D:10     | Identified the +0 hat of the Elephant {*Corrode rPois
                  | Str+7} (You found it on level 10 of the Dungeon)
 16427 | D:10     | Noticed Nergalle
 16447 | D:10     | Killed Nergalle
 17193 | D:10     | Reached **** piety under Beogh
 17801 | D:11     | Noticed Harold
 17819 | D:11     | Killed Harold
 17873 | D:11     | Found Daelug's Distillery.
 17889 | D:11     | Bought a potion of ambrosia for 120 gold pieces
 17889 | D:11     | Bought a potion of invisibility for 120 gold pieces
 17889 | D:11     | Bought a potion of berserk rage for 75 gold pieces
 17889 | D:11     | Bought a potion of heal wounds for 75 gold pieces
 17889 | D:11     | Bought a potion of stabbing for 60 gold pieces
 17889 | D:11     | Bought a potion of cancellation for 120 gold pieces
 17889 | D:11     | Bought 2 potions of curing for 90 gold pieces
 17889 | D:11     | Bought a potion of curing for 45 gold pieces
 17889 | D:11     | Bought a potion of curing for 45 gold pieces
 17981 | D:11     | Noticed Erolcha
 18002 | D:11     | Killed Erolcha
 18581 | D:11     | Found a runed translucent door.
 18582 | D:11     | Found the +10 tower shield of Ignorance {rN+ Int-4}
 18703 | D:11     | Found a runed translucent door.
 18765 | D:12     | Reached skill level 10 in Armour
 18850 | Orc:1    | Entered Level 1 of the Orcish Mines
 19087 | Orc:1    | Found a roughly hewn altar of Beogh.
 19214 | Orc:1    | Reached skill level 10 in Shields
 19618 | Orc:2    | Entered Level 2 of the Orcish Mines
 19638 | Orc:2    | Found a staircase to the Elven Halls.
 19639 | Orc:2    | Found a roughly hewn altar of Beogh.
 19670 | Orc:2    | Noticed Maurice
 19678 | Orc:2    | Paralysed by Maurice for 6 turns
 19679 | Orc:2    | Killed Maurice
 19910 | Orc:2    | Noticed Josephine
 19925 | Orc:2    | Killed Josephine
 20162 | Orc:2    | Noticed Donald
 20179 | Orc:2    | Killed Donald
 20179 | Orc:2    | Gained Geork as an ally
 20291 | Orc:2    | Noticed an orc high priest
 20291 | Orc:2    | Noticed an orc high priest
 20293 | Orc:2    | Noticed an orc warlord
 20296 | Orc:2    | Reached ***** piety under Beogh
 20296 | Orc:2    | Reached XP level 13. HP: 51/116 MP: 13/13
 20299 | Orc:2    | Gained Oruk as an ally
 20300 | Orc:2    | Your ally Oruk died
 20303 | Orc:2    | Your ally Geork died
 20334 | Orc:2    | Killed from afar by an orc high priest

Illustrated notes

Levels and vault maps discovered:
D:1:      kennysheep_arrival_forest, layout_basic
D:2:      layout_loops_corners, old_standard_altar, first_ration,
          nicolae_ru_awakened_eye, uniq_robin
D:3:      layout_loops_corners, lemuel_coloured_pillars_altar,
          chequers_ecumenical_altar_simple, uniq_sigmund
D:4:      layout_loops_cross, kennysheep_mini, minmay_temple_entry_grid
D:5:      kennysheep_six_static_rooms, layout_basic, kennysheep_generic_room_6
D:6:      layout_basic, nicolae_overflow_crystal_walls, lemuel_crystal_altar,
          okawaru_altar_gauntlet_db
D:7:      layout_gridville, lemuel_doored_altar, nicolae_tso_besieged_by_evil,
          st_stairs_4
D:8:      layout_cave_pods, nicolae_ashenzari_panopticon,
          lemuel_zombie_altar_yredelemnul, uniq_pikel, uniq_maggie
D:9:      minmay_the_grid_square_5x5_4x4 [minmay_the_grid_square_5x5_spiral,
          minmay_the_grid_square_5x5_moneybag, minmay_the_grid_square_5x5_comb,
          minmay_the_grid_square_5x5_six,
          minmay_the_grid_square_5x5_inverted_slash,
          minmay_the_grid_square_5x5_prize_junk,
          minmay_the_grid_square_5x5_prize_snowflake,
          minmay_the_grid_square_5x5_three_walls,
          minmay_the_grid_square_5x5_almost_minimal,
          minmay_the_grid_square_5x5_prize_monsterx,
          minmay_the_grid_square_5x5_prize_waves, minmay_the_grid_square_5x5_v,
          minmay_the_grid_square_5x5_tie, minmay_the_grid_square_5x5_n,
          minmay_the_grid_square_5x5_dogpile,
          minmay_the_grid_square_5x5_hourglass], layout_basic,
          kennysheep_mini_moat, david_lair_generic, serial_curves,
          eino_curves_04, eino_curves_04, hangedman_ranch
          [blue_anna_fruit_fields]
D:10:     layout_grid_maze, serial_shops, nicolae_shop_window_shopping,
          hangedman_minor_magic, uniq_nergalle, uniq_erica
D:11:     layout_basic, serial_shops, nicolae_shop_trees, minivault_16,
          chequers_guarded_unrand_ignorance, uniq_erolcha, uniq_harold
D:12:     cheibrodos_statue_roulette, layout_basic
Temple:   minmay_temple_curvy_loop
Orc:1:    minmay_goldmine, layout_diamond_mine, david_defended_altar_orc
Orc:2:    st_orc_congregation, layout_diamond_mine, basic_altar, uniq_maurice,
          uniq_donald, uniq_josephine

Skill      XL: |  1  2  3  4  5  6  7  8  9 10 11 12 |
---------------+-------------------------------------+-----
Axes           | 3 4 5 6 8 9 10 11 | 11.9
Fighting       | 4 5 6 8 9 10 11 | 11.3
Slings         | 1 2 3 4 5 6 7 8 |  8.3
Armour         | 4 5 6 7 8 9 10 | 10.5
Shields        | 4 5 6 7 8 9 10 | 10.4
Polearms       | 1 2 3 5 6 7 8 |  8.6

Action                   |  1- 3 |  4- 6 |  7- 9 | 10-12 | 13-15 || total
-------------------------+-------+-------+-------+-------+-------++-------
Melee: War axe           |    74 |   162 |   530 |   830 |       ||  1596
       Hand axe          |       |       |       |     6 |       ||     6
       Broad axe         |       |       |       |     4 |    15 ||    19
 Fire: Hunting sling     |       |    20 |       |    78 |       ||    98
Invok: Convert to Beogh  |       |       |     1 |       |       ||     1
  Use: Scroll            |       |     4 |     8 |    11 |     3 ||    26
       Potion            |       |     2 |     4 |     6 |     2 ||    14
 Stab: Invisible         |       |       |       |       |     7 ||     7
  Eat: Chunk             |     1 |     7 |    16 |    15 |       ||    39
       Ration            |       |     1 |     4 |     8 |       ||    13
Armor: Scale mail        |    46 |    74 |       |       |       ||   120
       Plate armour      |       |       |   395 |   473 |       ||   868
       Ring mail         |       |       |       |    23 |       ||    23
       Chain mail        |       |       |       |    14 |     7 ||    21
Dodge: Dodged            |    40 |    48 |   113 |   200 |     6 ||   407
Block: Kite shield       |    69 |    83 |   302 |   457 |       ||   911
       Buckler           |       |       |       |   206 |    21 ||   227
       Reflection        |       |       |       |    16 |       ||    16

Table legend:
 A = Non-vault XP
 B = Vault XP
 C = Vault XP percentage of total XP
 D = Non-vault monster count
 E = Vault monster count
 F = Vault count percentage of total count
                 A         B        C        D         E       F
            +---------+---------+-------+---------+---------+-------
      Total |   11274 |   22484 |  66.6 |     236 |     136 |  36.6
            +---------+---------+-------+---------+---------+-------
        D:1 |      35 |      24 |  40.7 |      13 |      12 |  48.0
        D:2 |      41 |      15 |  26.8 |      19 |       1 |   5.0
        D:3 |     154 |     212 |  57.9 |      21 |       1 |   4.5
        D:4 |     206 |       0 |   0.0 |      13 |       0 |   0.0
        D:5 |     312 |     421 |  57.4 |      16 |       5 |  23.8
        D:6 |    1417 |     183 |  11.4 |      23 |       8 |  25.8
        D:7 |     895 |     152 |  14.5 |      24 |      12 |  33.3
        D:8 |    2473 |    3001 |  54.8 |      34 |      12 |  26.1
        D:9 |     984 |    8400 |  89.5 |      17 |      41 |  70.7
       D:10 |    2256 |    2950 |  56.7 |      33 |      15 |  31.2
       D:11 |     857 |    1870 |  68.6 |       7 |       2 |  22.2
       D:12 |     165 |       0 |   0.0 |       1 |       0 |   0.0
      Orc:1 |    1201 |     227 |  15.9 |      13 |       5 |  27.8
      Orc:2 |     278 |    5029 |  94.8 |       2 |      22 |  91.7
            +---------+---------+-------+---------+---------+-------
